 Dungeon Crawl Stone Soup version 0.30-a0-779-g7971cf19c3 (webtiles) character file.

Game seed: 16704600692731965475

129 KleinerIrrer the Trooper (level 4, -3/41 HPs)
             Began as a Draconian Chaos Knight on Feb 17, 2023.
             Was a Plaything of Xom.
             Slain by Natasha (7 damage)
             ... on level 3 of the Dungeon.
             The game lasted 00:05:52 (2611 turns).

KleinerIrrer the Trooper (Draconian Chaos Knight)   Turns: 2611, Time: 00:05:53

Health: -3/41      AC:  5    Str: 20    XL:     4   Next: 88%
Magic:  4/4        EV: 13    Int: 13    God:    Xom [..*...]
Gold:   131        SH:  0    Dex: 12    Spells: 3/3 levels left

rFire   . . .      SeeInvis .    a - +0 falchion (chaos)
rCold   . . .      Faith    .    (no shield)
rNeg    . . .      Spirit   .    (body armour unavailable)
rPois   .          Reflect  .    (helmet restricted)
rElec   .          Harm     .    (no cloak)
rCorr   +          Rampage  .    (no gloves)
Will    .....                    (no boots)
Stlth   +                        (no amulet)
HPRegen 0.26/turn                c - ring of resist corrosion
MPRegen 0.09/turn                n - +6 ring of strength

@: brilliant, flying
A: AC +5, unfitting armour, cold-blooded, claws 1, horns 1, sense surroundings 1
a: Renounce Religion


You were on level 3 of the Dungeon.
You worshipped Xom.
You were a toy of Xom.
You visited 1 branch of the dungeon, and saw 3 of its levels.

You collected 131 gold pieces.

Inventory:

Hand Weapons
 a - a +0 falchion of chaos (weapon)
Jewellery
 c - a ring of resist corrosion (left claw)
 h - an amulet of faith
 n - a +6 ring of strength (right claw)
Scrolls
 d - a scroll of magic mapping {unknown}
 e - a scroll of fear {unknown}
 g - a scroll of torment {unknown}
 i - a scroll of poison {unknown}
 j - a scroll of teleportation {unknown}
 k - a scroll of identify {unknown}
 o - a scroll of summoning {unknown}
Potions
 f - 2 potions of brilliance
 l - 2 potions of magic
 m - 2 potions of flight
Miscellaneous
 b - a piece from Xom's chessboard (15/15) (quivered)


   Skills:
 + Level 4.9 Fighting
 - Level 3.0 Long Blades
 + Level 3.7 Dodging


You had 3 spell levels left.
You didn't know any spells.
Your spell library contained the following spells:

 Spells                   Type           Power      Damage    Failure   Level
 Necrotise                Necr           0%         1d4       30%         1
 Ensorcelled Hibernation  Hex/Ice        0%         N/A       43%         2
 Call Canine Familiar     Summ           0%         N/A       67%         3
 Kindle Blastsparks       Fire/Tloc/Air  0%         2d10      67%         3
 Spider Form              Tmut/Pois      0%         N/A       67%         3
 Summon Guardian Golem    Hex/Summ       0%         N/A       67%         3
 Vampiric Draining        Necr           0%         2d6       67%         3
 Anguish                  Hex/Necr       0%         N/A       97%         4
 Agony                    Necr           0%         N/A       100%        5
 Blade Hands              Tmut           0%         N/A       100%        5
 Irradiate                Conj/Tmut      0%         3d11      100%        5
 Dragon Form              Tmut           0%         N/A       100%        7
 Dragon's Call            Summ           0%         N/A       100%        9


Dungeon Overview and Level Annotations

Branches:
Dungeon (3/15)

Altars:

Annotations:
D:3 Natasha


Innate Abilities, Weirdness & Mutations

Your plain brown scales are hard. (AC +5)
You cannot fit into any form of body armour.
You are cold-blooded and may be slowed by cold attacks.
You have sharp fingernails.
You have a pair of small horns on your head.
You passively map a small area around you.


Message History

You see here a dart slug corpse.
Natasha zaps a wand.
The puff of flame hits you!
It was a potion of brilliance.
You feel clever all of a sudden.
It was a potion of magic.
Magic courses through your body.
It was a potion of flight.
You feel very buoyant.
You fly up into the air.
You barely miss Natasha. Your headbutt misses Natasha.
Natasha zaps a wand.
The puff of flame hits you!
You hit Natasha.
Natasha is moderately wounded.
Natasha zaps a wand.
The puff of flame hits you.
* * * LOW HITPOINT WARNING * * *
You completely miss Natasha. Your headbutt misses Natasha.
Natasha is moderately wounded.
Natasha claws you!
* * * LOW HITPOINT WARNING * * *
Okay, then.
What are your orders? t - Shout!
Orders for allies: a - Attack new target. r - Retreat! s - Stop attacking. g - Guard the area. f - Follow me.
Anything else - Cancel.
Okay, then.
Okay, then.
You barely miss Natasha. Your headbutt misses Natasha.
Your tail-slap misses Natasha.
Natasha is moderately wounded.
Natasha casts a spell at you. You resist with some effort.
Natasha closely misses you.
You hit Natasha. You burn Natasha.
Natasha is heavily wounded.
Natasha claws you.
* * * LOW HITPOINT WARNING * * *
You hit Natasha.
Natasha is poisoned.
Your headbutt misses Natasha.
Natasha is severely wounded.
Natasha claws you!
You die...

#.....# #...........# *
#.....# #####.#####.# *
#.....# #.# #.# **
###.....########.#####.##
.....!...h.......>......#
........########..#######.#
........# #..........#
........# #####h#########
........# #...@.......#
........# #...........#
........# #...........#
........# #...........# , ,
#...........# , , ,
#...........# #####'#######
#.# #.#


You could see Natasha (very poisoned).

Vanquished Creatures
  Natasha (twice) (D:3)
  2 adders (D:2)
  A worm (D:2)
  2 dart slugs (D:3)
  An orc (D:3)
  8 ball pythons
  4 bats (D:1)
  5 endoplasms
  3 giant cockroaches
  4 goblins
  2 hobgoblins (D:2)
  6 jackals
  A quokka (D:2)
  A frilled lizard (D:3)
  4 kobolds
  7 rats
53 creatures vanquished.

Notes
Turn   | Place    | Note
-------+----------+-------------------------------------------
     0 | D:1      | KleinerIrrer the Draconian Chaos Knight began the quest for
                  | the Orb.
     0 | D:1      | Reached XP level 1. HP: 19/19 MP: 1/1
    76 | D:1      | XOM: divination: detect creatures
   220 | D:1      | Reached XP level 2. HP: 26/26 MP: 2/2
   385 | D:1      | Got Asmodeus's Book of the Pyromaniac and the Familiar
   455 | D:1      | XOM: divination: magic mapping
   606 | D:1      | XOM: noise
   636 | D:1      | XOM: cast spell 'Summon Ice Beast'
   890 | D:1      | XOM: cast spell 'Alistair's Intoxication'
  1150 | D:2      | Reached skill level 4 in Fighting
  1150 | D:2      | Reached XP level 3. HP: 32/33 MP: 3/3
  1189 | D:2      | XOM: confuse monster(s)
  1197 | D:2      | XOM: 2-stop teleportation journey
  1204 | D:2      | Found a faded altar of an unknown god.
  1279 | D:2      | XOM: god gift: flail {god gift}
  1471 | D:2      | XOM: scenery: summon butterflies
  1716 | D:2      | XOM: divination: magic mapping
  1948 | D:2      | XOM: give mutations
  1948 | D:2      | Gained mutation: You have sharp fingernails. [Xom's grace]
  1948 | D:2      | Gained mutation: You have a pair of small horns on your
                  | head. [Xom's grace]
  1948 | D:2      | Gained mutation: You passively map a small area around you.
                  | [Xom's grace]
  2032 | D:3      | XOM: enchant monster (good)
  2171 | D:3      | Reached XP level 4. HP: 41/41 MP: 4/4
  2250 | D:3      | Noticed Natasha
  2250 | D:3      | XOM: potion effect (might)
  2257 | D:3      | Killed Natasha
  2333 | D:3      | XOM: 1-stop teleportation journey
  2458 | D:3      | Noticed Natasha
  2473 | D:3      | XOM: smoke on damage
  2476 | D:3      | Killed Natasha
  2478 | D:3      | XOM: potion effect (haste)
  2586 | D:3      | Noticed Natasha
  2611 | D:3      | Slain by Natasha

Illustrated notes

Levels and vault maps discovered:
D:1:      nicolae_arrival_somewhat_less_tricky_arrival, layout_basic,
          minmay_misc_feat_plants, item_on_display_a
D:2:      layout_basic, basic_ecumenical_altar
D:3:      layout_basic, minmay_misc_feat_alley, uniq_natasha

Skill      XL: |  1  2  3 |
---------------+----------+-----
Fighting       | 4 |  4.9
Dodging        | 3 |  3.7
Long Blades    | |  3.0

Action                     |  1- 3 |  4- 6 || total
---------------------------+-------+-------++-------
  Melee: Falchion          |   127 |    35 ||   162
         Tailslap          |    18 |     1 ||    19
         Headbutt          |     6 |     1 ||     7
         Punch             |       |     1 ||     1
  Evoke: Piece from Xom's  |     1 |       ||     1
    Use: Potion            |       |     3 ||     3
   Stab: Sleeping          |     1 |       ||     1
         Petrified         |     5 |       ||     5
 Armour: Skin              |    41 |     5 ||    46
  Dodge: Dodged            |    84 |    17 ||   101

Table legend: (Time is in decaauts)
 A = Elapsed time spent in this place.
 B = Non-inter-level travel time spent in this place.
 C = Inter-level travel time spent in this place.
 D = Time resting spent in this place.
 E = Time spent auto-exploring this place.
 F = Levels seen in this place.
 G = Mean time per level.
                   A        B        C        D        E       F      G
               +--------+--------+--------+--------+--------+-----+--------+
         Total |   2619 |   2559 |     60 |     34 |   2094 |   3 |  873.0 |
       Dungeon |   2619 |   2559 |     60 |     34 |   2094 |   3 |  873.0 |
               +--------+--------+--------+--------+--------+-----+--------+

Top non-repeatable levels by time:
     D:1: 1123 daAuts
     D:2: 885 daAuts
     D:3: 610 daAuts
